 Dungeon Crawl Stone Soup version 0.25-a0-290-g4a1327ee3a (webtiles) character file.

Game seed: 17548056935103951502, levelgen mode: deterministic

23078 MisterFreud the Blocker (level 13, -3/103 HPs)
             Began as a Gnoll Fighter on Dec 13, 2019.
             Was a Priest of Ashenzari.
             Slain by a nine-headed hydra (9 damage)
             ... on level 1 of the Lair of Beasts.
             The game lasted 00:30:31 (13754 turns).

MisterFreud the Blocker (Gnoll Fighter)            Turns: 13754, Time: 00:30:32

Health: -3/103     AC: 19    Str: 18    XL:     13   Next: 4%
Magic:  24/24      EV: 17    Int: 20    God:    Ashenzari [***...]
Gold:   1147       SH: 12    Dex: 15    Spells: 27/27 levels left

rFire    . . .     SeeInvis +   V - +11 long sword of Trauma {speed, -Tele rC+ rN++ Int+4} (curse)
rCold    + . .     Gourm    .   c - +0 shield (curse)
rNeg     + + .     Faith    .   s - +2 scale mail {MR+}
rPois    .         Spirit   .   Q - +0 hat {MR+}
rElec    .         Reflect  .   T - +2 cloak
rCorr    .         Harm     .   E - +2 pair of gloves
MR       ++...     NoTele   +   j - +0 pair of boots
Stlth    ++........             (no amulet)
HPRegen  0.27/turn              I - +3 ring of evasion (curse)
MPRegen  0.19/turn              N - ring of wizardry (curse)

@: lethally poisoned (-3 -> -18), marked
A: distributed training, fangs 1, strong nose
a: Curse Item, Scrying, Renounce Religion


You were on level 1 of the Lair of Beasts.
You worshipped Ashenzari.
Ashenzari was most pleased with you.
You were not hungry.

You visited 3 branches of the dungeon, and saw 14 of its levels.
You also visited: Bailey, Gauntlet and Ice Cave.

You collected 1231 gold pieces.
You spent 84 gold pieces at shops.

Inventory:

Hand Weapons
 b - the +4 hunting sling of the People {speed, -Tele rF+ Str+4}
   (You found it on level 5 of the Dungeon)

   Attacks with this weapon are significantly faster.
   It affects your strength (+4).
   It protects you from fire.
   It prevents most forms of teleportation.
 V - the cursed +11 long sword of Trauma (weapon) {speed, -Tele rC+ rN++ Int+4}
   (You found it on level 10 of the Dungeon)

   Attacks with this weapon are significantly faster.
   It affects your intelligence (+4).
   It protects you from cold.
   It greatly protects you from negative energy.
   It prevents most forms of teleportation.
   It has a curse placed upon it.
Missiles
 d - 89 sling bullets
 i - 82 bolts
 k - 314 stones
 q - 10 javelins (quivered)
 u - 32 boomerangs
 v - 4 curare-tipped darts
 x - 103 arrows
 y - 43 poisoned darts
 G - 2 atropa-tipped darts
 U - 2 throwing nets
Armour
 c - a cursed +0 shield (worn)
 j - a +0 pair of boots (worn)
 s - a +2 scale mail of magic resistance (worn)
 E - a +2 pair of gloves (worn)
 Q - a +0 hat of magic resistance (worn)
 T - a +2 cloak (worn)
 X - +0 ice dragon scales
Jewellery
 C - an uncursed ring of protection from cold
 D - an uncursed ring of protection from fire
 I - a cursed +3 ring of evasion (left hand)
 J - an uncursed ring of protection from fire
 N - a cursed ring of wizardry (right hand)
 Z - an uncursed ring of resist corrosion
Wands
 a - a wand of digging (11)
 B - a wand of flame (27)
 H - a wand of polymorph (8)
 M - a wand of disintegration (29)
 S - a wand of random effects (18)
Scrolls
 m - 3 scrolls of vulnerability
 n - 7 scrolls of fear
 p - 9 scrolls of teleportation
 r - a scroll of blinking
 t - 2 scrolls of remove curse
 O - 2 scrolls of enchant armour
 P - a scroll of silence {unknown}
 R - 2 scrolls of immolation {unknown}
 Y - a scroll of amnesia
Potions
 e - a potion of cancellation
 g - 8 potions of curing
 h - a potion of magic
 l - a potion of degeneration
 o - a potion of mutation
 w - 4 potions of flight
 z - a potion of brilliance
 A - a potion of agility
 F - 2 potions of lignification
 K - a potion of ambrosia
Comestibles
 f - 23 rations


   Skills:
 + Level 10.1 Fighting
 + Level 9.1 Short Blades
 + Level 7.7(10.6) Long Blades
 + Level 7.7 Axes
 + Level 7.7 Maces & Flails
 + Level 7.7 Polearms
 + Level 7.7 Staves
 + Level 7.7 Slings
 + Level 7.7 Bows
 + Level 7.7 Crossbows
 + Level 7.7 Throwing
 + Level 10.1 Armour
 + Level 7.7 Dodging
 + Level 7.7 Stealth
 + Level 10.1(11.8) Shields
 + Level 7.7 Unarmed Combat
 + Level 7.7 Spellcasting
 + Level 6.4(8.3) Conjurations
 + Level 6.4(8.3) Hexes
 + Level 6.4(8.3) Charms
 + Level 6.4(8.3) Summonings
 + Level 6.4(8.3) Necromancy
 + Level 6.4(8.3) Translocations
 + Level 6.4(8.3) Transmutations
 + Level 6.4(8.3) Fire Magic
 + Level 6.4(8.3) Ice Magic
 + Level 6.4(8.3) Air Magic
 + Level 6.4(8.3) Earth Magic
 + Level 6.4(8.3) Poison Magic
 + Level 8.5 Invocations
 + Level 7.7(9.6) Evocations


You had 27 spell levels left.
You didn't know any spells.
Your spell library was empty.

Dungeon Overview and Level Annotations

Branches:
Dungeon (12/15)            Temple (1/1) D:7            Lair (1/6) D:9
    Orc (0/2) D:12         Bailey (visited)           IceCv (visited)
Gauntlet (visited)

Altars:
Ashenzari
Cheibriados
Dithmenos
Elyvilon
Fedhas
Gozag
Hepliaklqana
Kikubaaqudgha
Makhleb
Nemelex Xobeh
Okawaru
Qazlal
Ru
Sif Muna
Trog
Uskayaw
Vehumet
Wu Jian
Yredelemnul
Zin
The Shining One
Beogh

Shops:
D:12 *

Annotations:
D:4 1 exclusion
D:10 1 runed translucent door, gold's ghost, novice DrBe
Lair:1 exclusion: hydra


Innate Abilities, Weirdness & Mutations

Your experience applies equally to all skills.
You have very sharp teeth.
Your uncanny sense of smell can sniff out nearby items.


Message History

The spiny frog poisons you!
* * * LOW HITPOINT WARNING * * *
You feel sick.
A water moccasin comes into view.
You cannot blink because you are wielding the cursed +11 long sword of Trauma {speed, -Tele rC+ rN++ Int+4}.
You slice one of the eight-headed hydra's heads off!
The seven-headed hydra grows two more!
You hit the nine-headed hydra.
The nine-headed hydra is lightly wounded.
* * * LOW HITPOINT WARNING * * *
You feel sick.
You block the nine-headed hydra's attack. x2
The nine-headed hydra bites you.
* * * LOW HITPOINT WARNING * * *
The nine-headed hydra bites you but does no damage.
The nine-headed hydra bites you.
* * * LOW HITPOINT WARNING * * *
The nine-headed hydra barely misses you.
The nine-headed hydra bites you but does no damage.
The nine-headed hydra bites you!
You die...

#...# *#....#......#
##...#######.##....+......#
###...S..............#.......
#####.##........P###.....#...#..#
......!.........#*##......####..#
................# #.............#
......(.........####............#
...............F##.#............#
..............SD@................
##.###......####################.
### ##......# ## #.....♣# ♣.P≈P.♣
♣PPP≈≈♣ ♣♣≈P≈≈≈ *P≈P≈≈## ##♣≈P##


You could see a nine-headed hydra, a spiny frog and 2 water moccasins.

Vanquished Creatures
  Fannar (D:10)
  2 ice dragons (IceCv)
  2 two-headed ogres
  4 slime creatures (D:12)
  2 unseen horrors (D:11)
  Pikel (D:6)
  A deep elf mage (D:12)
  An orc knight (D:12)
  A manticore (D:12)
  An ugly thing (D:11)
  Joseph (D:8)
  Maurice (D:8)
  A black mamba (Lair:1)
  3 cyclopes
  A gargoyle (D:12)
  2 ice statues (IceCv)
  A spiny frog (Lair:1)
  A kobold demonologist (D:11)
  2 rime drakes (IceCv)
  A komodo dragon (D:12)
  A troll (D:11)
  Grinder (D:6)
  4 hippogriffs
  2 meliai zombies (D:12)
  A shadow (D:10)
  11 yaks
  2 vampire mosquitoes (D:12)
  A water moccasin (D:5)
  Duvessa (D:6)
  6 orc warriors
  4 sky beasts
  2 slaves (D:6)
  17 ice beasts
  7 ogres
  A necrophage (D:5)
  2 phantoms
  5 boggarts (D:12)
  3 centaurs
  3 crocodiles
  A big kobold (D:9)
  8 bullfrogs
  Dowan (D:6)
  3 scorpions
  A wyvern skeleton (D:12)
  5 killer bees (D:8)
  5 wights (D:8)
  7 crimson imps
  A centaur zombie (D:6)
  3 jellies
  A bullfrog zombie (D:9)
  4 hounds
  2 quasits
  2 centaur skeletons
  12 orc wizards
  7 orc priests
  3 bullfrog skeletons
  3 gnoll shamans
  3 iguanas
  6 worker ants
  Terence (D:2)
  A hound skeleton (D:6)
  A howler monkey zombie (D:8)
  A worker ant zombie (D:5)
  24 gnolls
  13 adders
  2 shadow imps
  An ooze (D:4)
  6 adder skeletons
  2 worms
  A dart slug (D:2)
  4 leopard geckos
  54 orcs
  5 giant cockroaches
  2 goblins
  2 hobgoblins
  17 jackals
  10 quokkas
  3 ball pythons
  6 bats
  11 frilled lizards
  10 kobolds
  A quokka skeleton (D:4)
  A quokka zombie (D:7)
  7 rats
368 creatures vanquished.

Notes
Turn   | Place    | Note
-------+----------+-------------------------------------------
     0 | D:1      | MisterFreud the Gnoll Fighter began the quest for the Orb.
     0 | D:1      | Reached XP level 1. HP: 23/23 MP: 1/1
   165 | D:1      | Reached XP level 2. HP: 29/29 MP: 2/2
   688 | D:2      | Reached XP level 3. HP: 33/35 MP: 3/3
   928 | D:2      | Reached skill level 1 in Invocations
  1074 | D:2      | Noticed Terence
  1088 | D:2      | Killed Terence
  1088 | D:2      | Reached skill level 1 in Long Blades
  1088 | D:2      | Reached skill level 1 in Axes
  1088 | D:2      | Reached skill level 1 in Maces & Flails
  1088 | D:2      | Reached skill level 1 in Polearms
  1088 | D:2      | Reached skill level 1 in Staves
  1088 | D:2      | Reached skill level 1 in Slings
  1088 | D:2      | Reached skill level 1 in Bows
  1088 | D:2      | Reached skill level 1 in Crossbows
  1088 | D:2      | Reached skill level 1 in Throwing
  1088 | D:2      | Reached skill level 1 in Dodging
  1088 | D:2      | Reached skill level 1 in Stealth
  1088 | D:2      | Reached skill level 1 in Unarmed Combat
  1088 | D:2      | Reached skill level 1 in Spellcasting
  1088 | D:2      | Reached skill level 1 in Evocations
  1088 | D:2      | Reached XP level 4. HP: 37/41 MP: 5/5
  1171 | D:2      | Found a sparkling altar of Nemelex Xobeh.
  1937 | D:3      | Reached skill level 1 in Conjurations
  1937 | D:3      | Reached skill level 1 in Hexes
  1937 | D:3      | Reached skill level 1 in Charms
  1937 | D:3      | Reached skill level 1 in Summonings
  1937 | D:3      | Reached skill level 1 in Necromancy
  1937 | D:3      | Reached skill level 1 in Translocations
  1937 | D:3      | Reached skill level 1 in Transmutations
  1937 | D:3      | Reached skill level 1 in Fire Magic
  1937 | D:3      | Reached skill level 1 in Ice Magic
  1937 | D:3      | Reached skill level 1 in Air Magic
  1937 | D:3      | Reached skill level 1 in Earth Magic
  1937 | D:3      | Reached skill level 1 in Poison Magic
  2068 | D:4      | Found a burning altar of Makhleb.
  2128 | D:4      | Noticed an ogre
  2137 | D:4      | Killed an ogre
  2137 | D:4      | Reached XP level 5. HP: 35/47 MP: 5/7
  2230 | D:4      | Found a shimmering blue altar of Sif Muna.
  2392 | D:4      | Reached XP level 6. HP: 51/53 MP: 8/8
  3210 | D:5      | Entered Level 5 of the Dungeon
  3228 | D:5      | Reached skill level 5 in Short Blades
  3250 | D:5      | Found a radiant altar of Vehumet.
  3309 | D:5      | Noticed a phantom
  3358 | D:5      | Killed a phantom
  3358 | D:5      | Reached XP level 7. HP: 58/59 MP: 10/10
  4014 | D:5      | Reached XP level 8. HP: 63/67 MP: 12/12
  4206 | D:5      | Got a warped hunting sling
  4207 | D:5      | Identified the +4 hunting sling of the People {speed, -Tele
                  | rF+ Str+4} (You found it on level 5 of the Dungeon)
  4460 | D:6      | Noticed Grinder
  4493 | D:6      | Paralysed by Grinder for 4 turns
  4516 | D:6      | Killed Grinder
  4673 | D:6      | Found a burning altar of Makhleb.
  5089 | D:6      | Found an iron altar of Okawaru.
  5089 | D:6      | Found a snail-covered altar of Cheibriados.
  5089 | D:6      | Found a shadowy altar of Dithmenos.
  5089 | D:6      | Found a white marble altar of Elyvilon.
  5096 | D:6      | Found a sparkling altar of Nemelex Xobeh.
  5101 | D:6      | Found a glowing golden altar of the Shining One.
  5218 | D:6      | Noticed Pikel
  5233 | D:6      | Killed Pikel
  5233 | D:6      | Reached XP level 9. HP: 35/73 MP: 13/15
  5291 | D:6      | Found an ornate altar of the Wu Jian Council.
  5449 | D:6      | Noticed Duvessa
  5449 | D:6      | Noticed Dowan
  5474 | D:6      | Killed Duvessa
  5476 | D:6      | Killed Dowan
  5986 | D:7      | Found a staircase to the Ecumenical Temple.
  6002 | Temple   | Entered the Ecumenical Temple
  6168 | Temple   | Became a worshipper of Ashenzari the Shackled
  6703 | D:8      | Reached skill level 5 in Invocations
  6759 | D:8      | Found a flagged portal.
  6774 | D:8      | Noticed Joseph
  6780 | D:8      | HP: 2/74 [Joseph/+5 quarterstaff of speed (7)]
  6785 | Bailey   | Entered a bailey
  7377 | D:8      | Killed Joseph
  7377 | D:8      | Reached XP level 10. HP: 59/80 MP: 15/17
  7422 | D:8      | Identified the +3 short sword of the Beginning {pierce, rC-
                  | Dex+5}
  7550 | D:8      | Reached skill level 5 in Long Blades
  7550 | D:8      | Reached skill level 5 in Axes
  7550 | D:8      | Reached skill level 5 in Maces & Flails
  7550 | D:8      | Reached skill level 5 in Polearms
  7550 | D:8      | Reached skill level 5 in Staves
  7550 | D:8      | Reached skill level 5 in Slings
  7550 | D:8      | Reached skill level 5 in Bows
  7550 | D:8      | Reached skill level 5 in Crossbows
  7550 | D:8      | Reached skill level 5 in Throwing
  7550 | D:8      | Reached skill level 5 in Dodging
  7550 | D:8      | Reached skill level 5 in Stealth
  7550 | D:8      | Reached skill level 5 in Unarmed Combat
  7550 | D:8      | Reached skill level 5 in Spellcasting
  7550 | D:8      | Reached skill level 5 in Evocations
  7623 | D:8      | Noticed Maurice
  7653 | D:8      | Killed Maurice
  8453 | D:9      | Reached * piety under Ashenzari
  8869 | D:9      | Found a bloodstained altar of Trog.
  8985 | D:9      | Found a staircase to the Lair.
  9433 | D:9      | Reached XP level 11. HP: 87/87 MP: 19/19
  9550 | D:10     | Entered Level 10 of the Dungeon
  9557 | D:10     | Reached ** piety under Ashenzari
  9589 | D:10     | Noticed Fannar
  9618 | D:10     | Killed Fannar
  9654 | D:10     | Identified the +11 long sword of Trauma {speed, -Tele rC+
                  | rN++ Int+4}
  9818 | D:10     | Reached skill level 5 in Conjurations
  9818 | D:10     | Reached skill level 5 in Hexes
  9818 | D:10     | Reached skill level 5 in Charms
  9818 | D:10     | Reached skill level 5 in Summonings
  9818 | D:10     | Reached skill level 5 in Necromancy
  9818 | D:10     | Reached skill level 5 in Translocations
  9818 | D:10     | Reached skill level 5 in Transmutations
  9818 | D:10     | Reached skill level 5 in Fire Magic
  9818 | D:10     | Reached skill level 5 in Ice Magic
  9818 | D:10     | Reached skill level 5 in Air Magic
  9818 | D:10     | Reached skill level 5 in Earth Magic
  9818 | D:10     | Reached skill level 5 in Poison Magic
  9835 | D:10     | Noticed a two-headed ogre
  9839 | D:10     | Killed a two-headed ogre
  9979 | D:10     | Found a runed translucent door.
  9984 | D:10     | Noticed gold's ghost (novice DrBe)
  9985 | D:10     | Identified the amulet of Salvation {Inacc rC- Str+4 Int+6}
 10200 | D:11     | Noticed a cyan ugly thing
 10457 | D:11     | Noticed a cyclops
 10466 | D:11     | Found a gate leading to a gauntlet.
 10472 | D:11     | Killed a cyclops
 10479 | Gauntlet | Entered a Gauntlet
 10479 | Gauntlet | Found a transporter.
 10479 | Gauntlet | Found a transporter.
 10479 | Gauntlet | Found a runed translucent door.
 10480 | Gauntlet | Noticed a moth of wrath
 10482 | Gauntlet | Found a runed translucent door.
 10483 | Gauntlet | Found a transporter.
 10483 | Gauntlet | Found a transporter.
 10505 | Gauntlet | Found a transporter.
 10516 | Gauntlet | Found a transporter.
 10517 | Gauntlet | Found a transporter.
 10522 | Gauntlet | Noticed a sixfirhy
 10524 | Gauntlet | Noticed a sixfirhy
 10532 | Gauntlet | Found a transporter.
 10546 | Gauntlet | Found a transporter.
 10549 | Gauntlet | Noticed a purple ugly thing
 10556 | Gauntlet | Noticed a glowing orange brain
 10561 | Gauntlet | Found a transporter.
 10565 | Gauntlet | Found a transporter.
 10572 | Gauntlet | Noticed an orb spider
 10572 | Gauntlet | a hippogriff changed into an orb spider
 10574 | Gauntlet | Noticed a harpy
 10575 | Gauntlet | an orb spider changed into a rime drake
 10577 | Gauntlet | Found a transporter.
 10643 | D:11     | Noticed an unseen horror
 10653 | D:11     | Killed an unseen horror
 10737 | D:11     | Noticed a two-headed ogre
 10747 | D:11     | Killed a two-headed ogre
 10748 | D:11     | Reached *** piety under Ashenzari
 10754 | D:11     | Noticed a cyclops
 10761 | D:11     | Killed a cyclops
 10890 | D:11     | Killed a cyan ugly thing
 10897 | D:11     | Noticed an unseen horror
 10916 | D:11     | Killed an unseen horror
 11312 | D:12     | Noticed a manticore
 11321 | D:12     | Killed a manticore
 11334 | D:12     | Found a frozen archway.
 11349 | IceCv    | Entered an ice cave
 11357 | IceCv    | Reached XP level 12. HP: 74/96 MP: 22/22
 11971 | IceCv    | Noticed an ice dragon
 11974 | IceCv    | Noticed an ice dragon
 11990 | IceCv    | Killed an ice dragon
 11993 | IceCv    | Killed an ice dragon
 12775 | D:12     | Found a roughly hewn altar of Beogh.
 12775 | D:12     | Found a staircase to the Orcish Mines.
 12790 | D:12     | Reached skill level 10 in Fighting
 12790 | D:12     | Reached skill level 10 in Armour
 12790 | D:12     | Reached skill level 10 in Shields
 13043 | D:12     | Found Liytub's General Store.
 13050 | D:12     | Bought a scroll of remove curse for 42 gold pieces
 13050 | D:12     | Bought a potion of curing for 42 gold pieces
 13347 | D:12     | Reached XP level 13. HP: 103/103 MP: 24/24
 13634 | Lair:1   | Entered Level 1 of the Lair of Beasts
 13754 | Lair:1   | Slain by a nine-headed hydra

Levels and vault maps discovered:
D:1:      wander_arrival_lonely_grave, layout_basic
D:2:      layout_basic, nemelex_diamond_rough_becter, uniq_terence
D:3:      layout_basic
D:4:      layout_loops_corners, lemuel_round_altar, first_ration, led_sif_book
D:5:      layout_basic, vehumet_altar_wand_db
D:6:      layout_basic, minmay_overflow_temple_hex, marbit_many_paths,
          basic_altar, minmay_pentangle, uniq_pikel, uniq_duvessa, uniq_grinder
D:7:      layout_cave_pods, minmay_temple_entry_slanted
D:8:      layout_loops_ring, enter_bailey_2, uniq_maurice, uniq_joseph
D:9:      layout_layer_cave, lemuel_round_altar, david_lair_generic,
          grunt_pizzeria
D:10:     layout_irregular_city, ebering_ghost_reflecting_pool, uniq_fannar
D:11:     layout_stronghold, gauntlet_entry_generic
D:12:     layout_grid_maze, david_orc_5, serial_shops, kennysheep_little_box,
          portal_ice_cave_entry_pillars_1
Temple:   minmay_temple_forest_path
Lair:1:   layout_chaotic_city, grunt_megastairs_4, infiniplex_staircase_pool_2,
          serial_bayou_shore_b, lemuel_fruit_fields

Skill      XL: |  1  2  3  4  5  6  7  8  9 10 11 12 |
---------------+-------------------------------------+-----
Invocations    | 1 2 3 4 5 6 7 8 |  8.5
Long Blades    | 1 2 4 5 6 7 |  7.7
Axes           | 1 2 4 5 6 7 |  7.7
Maces & Flails | 1 2 4 5 6 7 |  7.7
Polearms       | 1 2 4 5 6 7 |  7.7
Staves         | 1 2 4 5 6 7 |  7.7
Slings         | 1 2 4 5 6 7 |  7.7
Bows           | 1 2 4 5 6 7 |  7.7
Crossbows      | 1 2 4 5 6 7 |  7.7
Throwing       | 1 2 4 5 6 7 |  7.7
Dodging        | 1 2 4 5 6 7 |  7.7
Stealth        | 1 2 4 5 6 7 |  7.7
Unarmed Combat | 1 2 4 5 6 7 |  7.7
Spellcasting   | 1 2 4 5 6 7 |  7.7
Evocations     | 1 2 4 5 6 7 |  7.7
Conjurations   | 1 2 3 4 5 6 |  6.4
Hexes          | 1 2 3 4 5 6 |  6.4
Charms         | 1 2 3 4 5 6 |  6.4
Summonings     | 1 2 3 4 5 6 |  6.4
Necromancy     | 1 2 3 4 5 6 |  6.4
Translocations | 1 2 3 4 5 6 |  6.4
Transmutations | 1 2 3 4 5 6 |  6.4
Fire Magic     | 1 2 3 4 5 6 |  6.4
Ice Magic      | 1 2 3 4 5 6 |  6.4
Air Magic      | 1 2 3 4 5 6 |  6.4
Earth Magic    | 1 2 3 4 5 6 |  6.4
Poison Magic   | 1 2 3 4 5 6 |  6.4
Short Blades   | 5 6 7 8 9 |  9.1
Fighting       | 7 8 9 10 | 10.1
Armour         | 7 8 9 10 | 10.1
Shields        | 7 8 9 10 | 10.1

Action                   |  1- 3 |  4- 6 |  7- 9 | 10-12 | 13-15 || total
-------------------------+-------+-------+-------+-------+-------++-------
Melee: Rapier            |    75 |   220 |   153 |       |       ||   448
       Bite              |     7 |    24 |    41 |   114 |     1 ||   187
       Short sword       |     4 |       |       |       |       ||     4
       War axe           |       |       |   236 |   339 |       ||   575
       Long sword        |       |       |       |   448 |    14 ||   462
 Fire: Hunting sling     |       |       |    32 |       |       ||    32
Throw: Javelin           |     2 |       |     1 |     5 |       ||     8
       Throwing net      |       |       |       |     2 |       ||     2
Invok: Curse Item        |       |       |     2 |     2 |       ||     4
Evoke: Wand              |       |       |       |     9 |       ||     9
  Use: Scroll            |     3 |     3 |     7 |     7 |     1 ||    21
       Potion            |       |       |     3 |     1 |       ||     4
 Stab: Sleeping          |       |       |     1 |     6 |     1 ||     8
       Distracted        |       |       |       |     1 |       ||     1
       Invisible         |       |       |       |     7 |       ||     7
  Eat: Chunk             |     1 |     7 |    11 |    16 |     1 ||    36
       Ration            |       |       |     1 |     1 |       ||     2
Armor: Scale mail        |    19 |    71 |   142 |   230 |     3 ||   465
Dodge: Dodged            |    15 |    53 |   189 |   356 |     5 ||   618
Block: Shield            |    43 |   101 |   246 |   446 |    10 ||   846
       Rpst.: Long sword |       |       |       |    37 |       ||    37

Table legend:
 A = Non-vault XP
 B = Vault XP
 C = Vault XP percentage of total XP
 D = Non-vault monster count
 E = Vault monster count
 F = Vault count percentage of total count
                 A         B        C        D         E       F
            +---------+---------+-------+---------+---------+-------
      Total |   22536 |   10433 |  31.6 |     304 |      62 |  16.9
            +---------+---------+-------+---------+---------+-------
        D:1 |      14 |       0 |   0.0 |      12 |       0 |   0.0
        D:2 |      59 |      32 |  35.2 |      19 |       1 |   5.0
        D:3 |      30 |       0 |   0.0 |      14 |       0 |   0.0
        D:4 |     279 |       0 |   0.0 |      32 |       0 |   0.0
        D:5 |     787 |       2 |   0.3 |      25 |       1 |   3.8
        D:6 |     618 |    1550 |  71.5 |      27 |      10 |  27.0
        D:7 |     698 |       0 |   0.0 |      20 |       0 |   0.0
        D:8 |    2210 |    1257 |  36.3 |      47 |       3 |   6.0
        D:9 |    1240 |     537 |  30.2 |      29 |       4 |  12.1
       D:10 |    2266 |     991 |  30.4 |      12 |       1 |   7.7
       D:11 |    4744 |       0 |   0.0 |      17 |       0 |   0.0
       D:12 |    8718 |     981 |  10.1 |      48 |      22 |  31.4
     Lair:1 |     873 |       0 |   0.0 |       2 |       0 |   0.0
      IceCv |       0 |    5083 | 100.0 |       0 |      20 | 100.0
            +---------+---------+-------+---------+---------+-------
